 Dungeon Crawl Stone Soup version 0.24-a0-416-g56ce5178b7 (webtiles) character file.

Game seed: 13790253791102782439

6484 mutley the Protected (level 10, -1/114 HPs)
             Began as a Demonspawn Gladiator on June 9, 2019.
             Was a Priest of Cheibriados (penitent).
             Killed from afar by a deep elf mage (17 damage)
             ... with a bolt of magma
             ... in a bailey.
             The game lasted 00:17:49 (10216 turns).

mutley the Protected (Demonspawn Gladiator)        Turns: 10216, Time: 00:17:49

Health: -1/114     AC: 17    Str: 22    XL:     10   Next: 68%
Magic:  0/14       EV: 17    Int: 10    God:    Cheibriados [*]
Gold:   230        SH:  0    Dex: 20    Spells: 9/9 levels left

rFire    . . .     SeeInvis .   u - +4 war axe (freeze)
rCold    . . .     Gourm    .   (no shield)
rNeg     . . .     Faith    .   p - +0 chain mail
rPois    .         Spirit   +   c - +0 helmet
rElec    .         Reflect  .   g - +0 cloak
rCorr    .         Harm     .   (no gloves)
MR       .....                  (no boots)
Stlth    ..........             (no amulet)
HPRegen  0.29/turn              t - +3 ring of protection
MPRegen  0.28/turn              (no ring)

@: agile, berserking, very slow
A: hooves 2, repulsion field 1, nightstalker 2, magic shield, magic
regeneration, magic link
a: Renounce Religion


You were in a bailey.
You worshipped Cheibriados.
Cheibriados was demanding penance.
You were not hungry.

You visited 2 branches of the dungeon, and saw 9 of its levels.
You also visited: Bailey.

You collected 275 gold pieces.
You spent 45 gold pieces at shops.

Inventory:

Hand Weapons
 a - a +0 war axe
 u - a +4 war axe of freezing (weapon)
 C - a +2 spear of flaming
 G - a cursed +4 halberd of freezing
Missiles
 d - 3 throwing nets (quivered)
Armour
 b - a +0 leather armour
 c - a +0 helmet (worn)
 g - a +0 cloak (worn)
 h - a +0 ring mail
 p - a +0 chain mail (worn)
Jewellery
 t - a +3 ring of protection (left hand)
Scrolls
 e - 3 scrolls of teleportation
 k - a scroll of amnesia
 q - 2 scrolls of magic mapping
 s - a scroll of enchant armour {unknown}
 v - a scroll of fear {unknown}
 w - a scroll of blinking {unknown}
 y - 2 scrolls of identify
 A - a scroll of vulnerability {unknown}
 B - a scroll of random uselessness {unknown}
 E - a scroll of immolation {unknown}
Potions
 j - a potion of flight
 m - 3 potions of lignification
 o - a potion of curing
 x - 2 potions of brilliance
 z - a potion of ambrosia
Comestibles
 f - 10 rations
 F - 6 chunks of flesh


   Skills:
 + Level 5.9 Fighting
 + Level 9.6 Axes
 - Level 1.7 Throwing
 * Level 9.6 Armour
 - Level 2.7 Dodging
 - Level 0.2 Stealth
 - Level 6.2 Invocations


You had 9 spell levels left.
You didn't know any spells.
Your spell library was empty.

Dungeon Overview and Level Annotations

Branches:
Dungeon (8/15)             Temple (1/1) D:4
   Lair: D:8-11

Altars:
Ashenzari
Cheibriados
Dithmenos
Elyvilon
Fedhas
Gozag
Hepliaklqana
Kikubaaqudgha
Makhleb
Nemelex Xobeh
Okawaru
Qazlal
Ru
Sif Muna
Trog
Uskayaw
Vehumet
Wu Jian
Yredelemnul
Zin
The Shining One

Shops:
D:6 ?   D:7 ?(

Annotations:
D:3 exclusion: door
D:4 3 runed translucent doors, exclusion: door, Stiffzip's ghost, novice HaAM
D:5 1 transporter, Stiffzip's ghost, amateur TeCj


Innate Abilities, Weirdness & Mutations

You have hoof-like feet.
You are surrounded by a mild repulsion field. (EV +2)
You are significantly more attuned to the shadows.
When hurt, damage is shared between your health and your magic reserves.
You regenerate magic rapidly.
When low on magic, you restore magic in place of health.


Message History

Cheibriados thinks you should slow down.
You feel very guilty.
Cheibriados lowers the support of your attributes as your movement quickens. "You will pay for your transgression, mortal!"
Cheibriados forces you to slow down.
You feel mighty!
The deep elf mage gestures wildly while chanting.
The deep elf mage mumbles some strange words.
The deep elf mage conjures a globe of magical energy!
A battlesphere comes into view.
You slash the deep elf mage! You freeze the deep elf mage.
You kill the deep elf mage!
Cheibriados appreciates the change of pace.
The battlesphere dissipates.
You slash the deep elf mage! You freeze the deep elf mage.
Your chain mail prevents you from hitting the earth elemental.
You slash the earth elemental! The deep elf mage casts a spell at you.
The bolt of magma hits you!!
You die...

#...# #..e#
..... .....
..... .....
..§.. .....
#...○#r...#
#E#####
#....#)...##
.....#E@e..#
...e.#.)E..#
.....#..)§.#
#e..###§..###
####'##..##
##...##....#
#.....#....#
#..∩..##..##
##...######


You could see 3 earth elementals and a deep elf mage.

Vanquished Creatures
  A two-headed ogre (D:6)
  6 deep elf magi (Bailey)
  Joseph (D:7)
  A komodo dragon (D:7)
  A hippogriff (D:3)
  Sigmund (D:4)
  Eustachio (D:5)
  Menkaure (D:4)
  2 orc warriors
  An ice beast (D:6)
  A phantom (D:5)
  2 ogres (D:5)
  A centaur (D:7)
  5 bullfrogs
  A water moccasin zombie (D:7)
  A scorpion (D:4)
  7 wights
  A quasit (D:7)
  A centaur zombie (D:6)
  A centaur skeleton (D:4)
  5 hounds
  4 orc priests
  A jelly (D:7)
  Jessica (D:3)
  4 orc wizards
  5 iguanas
  6 worker ants
  6 gnolls
  8 adders
  2 shadow imps
  2 oozes
  2 worms
  3 dart slugs
  2 leopard geckos
  15 orcs
  3 ball pythons
  5 bats
  10 giant cockroaches
  7 goblins
  11 hobgoblins
  6 kobolds
  2 quokkas
  5 frilled lizards
  A giant cockroach zombie (D:5)
  2 jackal skeletons
  A quokka skeleton (D:5)
  3 rats
159 creatures vanquished.

Notes
Turn   | Place    | Note
-------+----------+-------------------------------------------
     0 | D:1      | mutley the Demonspawn Gladiator began the quest for the
                  | Orb.
     0 | D:1      | Reached XP level 1. HP: 16/16 MP: 1/1
   444 | D:1      | Gained mutation: You are surrounded by a mild repulsion
                  | field. (EV +2) [demonic ancestry]
   444 | D:1      | Reached XP level 2. HP: 22/22 MP: 2/2
   939 | D:1      | Reached skill level 1 in Armour
  1001 | D:1      | Reached XP level 3. HP: 21/27 MP: 3/3
  2007 | D:2      | Gained mutation: When hurt, damage is shared between your
                  | health and your magic reserves. [demonic ancestry]
  2007 | D:2      | Reached XP level 4. HP: 30/33 MP: 4/4
  2363 | D:3      | Noticed a hippogriff
  2424 | D:3      | Killed a hippogriff
  2424 | D:3      | Gained mutation: You are slightly more attuned to the
                  | shadows. [demonic ancestry]
  2424 | D:3      | Reached XP level 5. HP: 15/41 MP: 2/5
  2424 | D:3      | Gained mutation: You regenerate magic rapidly. [demonic
                  | ancestry]
  2424 | D:3      | Reached XP level 6. HP: 17/47 MP: 2/6
  2596 | D:3      | Noticed Jessica
  2650 | D:3      | Killed Jessica
  3510 | D:4      | Reached skill level 5 in Axes
  3544 | D:4      | Found a staircase to the Ecumenical Temple.
  3603 | Temple   | Entered the Ecumenical Temple
  3763 | Temple   | Became a worshipper of Cheibriados the Contemplative
  4203 | D:4      | Gained mutation: You are significantly more attuned to the
                  | shadows. [demonic ancestry]
  4203 | D:4      | Reached XP level 7. HP: 41/52 MP: 5/7
  4249 | D:4      | Found a deep blue altar of Sif Muna.
  4453 | D:4      | Noticed Sigmund
  4486 | D:4      | Killed Sigmund
  4486 | D:4      | Reached skill level 1 in Invocations
  4808 | D:4      | Found a runed translucent gate.
  4808 | D:4      | Found a runed translucent gate.
  4809 | D:4      | Found a runed translucent gate.
  4868 | D:4      | Noticed Menkaure
  4873 | D:4      | Killed Menkaure
  5278 | D:4      | Noticed Stiffzip's ghost (novice HaAM)
  5287 | D:5      | Entered Level 5 of the Dungeon
  5374 | D:5      | Found a transporter.
  5375 | D:5      | Noticed Stiffzip's ghost (amateur TeCj)
  5406 | D:5      | Reached * piety under Cheibriados
  5658 | D:5      | Noticed Eustachio
  5674 | D:5      | Killed Eustachio
  5674 | D:5      | Reached skill level 5 in Armour
  5674 | D:5      | Gained mutation: You have large cloven feet. [demonic
                  | ancestry]
  5674 | D:5      | Reached XP level 8. HP: 45/60 MP: 4/9
  6837 | D:5      | Found a white marble altar of Elyvilon.
  6838 | D:5      | Found a hazy altar of Hepliaklqana.
  6890 | D:6      | Found Mutudgh's Magic Scroll Emporium.
  7087 | D:6      | Bought a scroll of magic mapping for 45 gold pieces
  7100 | D:6      | Noticed a two-headed ogre
  7105 | D:6      | Killed a two-headed ogre
  7105 | D:6      | Gained mutation: When low on magic, you restore magic in
                  | place of health. [demonic ancestry]
  7105 | D:6      | Reached XP level 9. HP: 65/66 MP: 10/12
  7145 | D:6      | Reached ** piety under Cheibriados
  7557 | D:6      | Found a bloodstained altar of Trog.
  7610 | D:6      | Reached skill level 5 in Invocations
  7646 | D:6      | Found a sacrificial altar of Ru.
  8127 | D:7      | Noticed a komodo dragon
  8137 | D:7      | Killed a komodo dragon
  8445 | D:7      | Noticed Joseph
  8462 | D:7      | Killed Joseph
  8797 | D:7      | Found Guzujija's Magic Scroll Emporium.
  9022 | D:7      | Reached *** piety under Cheibriados
  9022 | D:7      | Reached skill level 5 in Fighting
  9262 | D:6      | Noticed a centaur warrior
  9271 | D:6      | Gained mutation: You have hoof-like feet. [demonic
                  | ancestry]
  9271 | D:6      | Reached XP level 10. HP: 28/74 MP: 6/14
  9287 | D:6      | HP: 1/74 [centaur warrior (5)]
  9288 | D:6      | Noticed a skeletal warrior
  9726 | D:7      | Found Jiloofah's Weapon Emporium.
  9766 | D:7      | Found a glowing golden altar of the Shining One.
 10010 | D:8      | Found a flagged portal.
 10026 | Bailey   | Entered a bailey
 10034 | Bailey   | Noticed a deep elf mage
 10043 | Bailey   | Killed a deep elf mage
 10192 | Bailey   | Noticed a deep elf mage
 10193 | Bailey   | Noticed a deep elf mage
 10193 | Bailey   | Noticed a deep elf mage
 10193 | Bailey   | Noticed a deep elf mage
 10194 | Bailey   | Noticed a deep elf mage
 10194 | Bailey   | Noticed a deep elf mage
 10196 | Bailey   | Killed a deep elf mage
 10203 | Bailey   | Killed a deep elf mage
 10209 | Bailey   | Killed a deep elf mage
 10214 | Bailey   | Killed a deep elf mage
 10215 | Bailey   | Was placed under penance by Cheibriados
 10216 | Bailey   | Killed a deep elf mage
 10216 | Bailey   | Killed from afar by a deep elf mage

Levels and vault maps discovered:
D:1:      sevenhm_arrival_forest_fort_large_2, layout_loops_corners, hex_large
D:2:      layout_basic, first_ration
D:3:      layout_loops_corners, minmay_misc_feat_rows, uniq_jessica
D:4:      layout_cave_pods, led_sif_book, minmay_temple_entry_mist,
          ebering_ghost_rock_garden, uniq_sigmund, uniq_menkaure
D:5:      layout_gridville, minitemple, gammafunk_ghost_smash, uniq_eustachio
D:6:      minmay_klotski, layout_basic, hangedman_ru_absence, serial_shops,
          shop, trog_butcher_becter
D:7:      layout_gridville, lemuel_crystal_altar, serial_shops, shop, shop,
          uniq_joseph
D:8:      layout_loops_ring, xom_teletrap_fun, enter_bailey_1, uniq_maurice
Temple:   eino_temple_rhombus
Bailey:   bailey_polearm_3, bailey

Skill      XL: |  1  2  3  4  5  6  7  8  9 10 |
---------------+-------------------------------+-----
Axes           | 3 4 5 6 7 8 9 |  9.6
Armour         | 1 3 4 5 6 8 9 |  9.6
Fighting       | 3 4 5 |  5.9
Invocations    | 2 4 6 |  6.2
Throwing       | |  1.7
Dodging        | |  2.7
Stealth        | |  0.2

Action                   |  1- 3 |  4- 6 |  7- 9 | 10-12 || total
-------------------------+-------+-------+-------+-------++-------
Melee: War axe           |   125 |   165 |   310 |    64 ||   664
       Kick              |       |       |    87 |    29 ||   116
Invok: Bend Time         |       |       |     1 |       ||     1
  Use: Potion            |     2 |       |     1 |     8 ||    11
       Scroll            |       |       |    10 |     4 ||    14
 Stab: Sleeping          |     1 |       |       |       ||     1
  Eat: Chunk             |     4 |     7 |     6 |     2 ||    19
       Ration            |       |       |     1 |       ||     1
Armor: Leather armour    |    10 |       |       |       ||    10
       Ring mail         |    35 |    11 |       |       ||    46
       Chain mail        |       |    94 |   144 |    25 ||   263
Dodge: Dodged            |    94 |   117 |   220 |    33 ||   464

Table legend:
 A = Non-vault XP
 B = Vault XP
 C = Vault XP percentage of total XP
 D = Non-vault monster count
 E = Vault monster count
 F = Vault count percentage of total count
                 A         B        C        D         E       F
            +---------+---------+-------+---------+---------+-------
      Total |    4614 |    4649 |  50.2 |     143 |      16 |  10.1
            +---------+---------+-------+---------+---------+-------
        D:1 |      42 |       0 |   0.0 |      18 |       0 |   0.0
        D:2 |      93 |       0 |   0.0 |      14 |       0 |   0.0
        D:3 |     374 |      37 |   9.0 |      28 |       1 |   3.4
        D:4 |     324 |     392 |  54.7 |      11 |       2 |  15.4
        D:5 |     675 |     181 |  21.1 |      24 |       1 |   4.0
        D:6 |    1621 |     292 |  15.3 |      19 |       5 |  20.8
        D:7 |    1089 |     455 |  29.5 |      22 |       1 |   4.3
        D:8 |     396 |       0 |   0.0 |       7 |       0 |   0.0
     Bailey |       0 |    3292 | 100.0 |       0 |       6 | 100.0
            +---------+---------+-------+---------+---------+-------
